AoeStats
← B-77

Oasis

508963441Analyzed
3v3 RM · 7d ago on Sep 24, 2026· 38m 54s· 6 players
Game mode
Random Map
Map size
Normal (6 player)
Population
200
Speed
Normal
Resources
Standard
Victory
Conquest
Starting age
Dark Age
Ending age
Imperial Age
RankedLock teamsTeams togetherTeam positionsShared explorationLock speedFull tech treeHidden civsTurbo modeCheats
Victory
Defeat
🇵🇸 Japanese · Palestinian Territories
1068
+10
🇵🇸 Cumans · Palestinian Territories
974
+14
🇸🇦 Franks · Saudi Arabia
939
+15
🇫🇷 Huns · France
952
-14
🇲🇽 Berbers · Mexico
936
-13
🇨🇳 Persians · China
909
-12
Carlossoriasilveyra
5:56 Loom
9:00 Loom
12:59 Feudal Age
11:14 Loom
13:20 Feudal Age
14:30 Man-at-Arms
15:09 Double-Bit Axe
15:33 Arson
17:37 Bloodlines
26:12 Fletching
26:23 Padded Archer Armor
26:24 Scale Mail Armor
B-77
13:35 Feudal Age
18:59 Castle Age
18:25 Wheelbarrow
17:34 Horse Collar
17:43 Double-Bit Axe
17:54 Gold Mining
17:57 Stone Mining
22:31 Heavy Plow
26:38 Bow Saw
27:40 Hand Cart
32:06 Imperial Age
35:05 Conscription
harald
2:24 Loom
2:58 Loom
11:49 Feudal Age
13:33 Double-Bit Axe
19:01 Castle Age
20:30 Bow Saw
20:02 Horse Collar
21:24 Forging
21:20 Scale Barding Armor
22:39 Town Watch
25:10 Husbandry
25:20 Bloodlines
27:23 Wheelbarrow
xX SAVAGE Xx
0:38 Loom
12:32 Feudal Age
16:33 Castle Age
15:01 Double-Bit Axe
14:58 Horse Collar
15:40 Gold Mining
16:02 Stone Mining
17:26 Bow Saw
20:12 Scale Mail Armor
27:20 Gold Shaft Mining
28:00 Forging
28:05 Chain Mail Armor
33:46 Iron Casting
38:20 Imperial Age
38:31 Padded Archer Armor
38:22 Fletching
39:14 Wheelbarrow
38:24 Town Watch
38:36 Spies/Treason
abogalb35
3:01 Loom
3:40 Loom
12:56 Feudal Age
13:06 Feudal Age
13:57 Man-at-Arms
19:08 Forging
19:57 Scale Mail Armor
25:14 Fletching
27:11 Horse Collar
27:22 Double-Bit Axe
35:03 Castle Age
33:37 Scale Barding Armor
33:33 Padded Archer Armor
35:51 Bodkin Arrow
36:32 Iron Casting
36:13 Chain Mail Armor
36:41 Wheelbarrow
37:30 Chain Barding Armor
37:55 Pikeman
38:36 Squires
38:09 Capped Ram
Falcon86
0:36 Loom
12:29 Feudal Age
17:37 Castle Age
17:33 Double-Bit Axe
17:41 Gold Mining
17:57 Stone Mining
21:12 Bow Saw
28:17 Wheelbarrow
28:30 Scale Barding Armor
28:30 Padded Archer Armor
28:20 Fletching
28:35 Pikeman
31:13 Forging
31:04 Scale Mail Armor
31:25 Chain Barding Armor
32:49 Hand Cart
35:08 Imperial Age
35:16 Gold Shaft Mining
38:32 Conscription
38:13 Chivalry
39:20 Chemistry
38:43 Ballistics
38:20 Murder Holes
38:56 Squires
Connection lost

Rejoining the realm…

Still unreachable

The connection could not be restored.

Session expired

The server has moved on; the page needs a fresh start.